 Dungeon Crawl Stone Soup version 0.31-a0-473-g61b50ae490 (webtiles) character file.

Game seed: 1869433979131983521

1582703 motkurizz the Crack Shot (level 27, 184/184 HPs)
             Began as a Tengu Air Elementalist on Aug 6, 2023.
             Was a High Priest of Okawaru.
             Escaped with the Orb
             ... and 3 runes!
             The game lasted 05:07:19 (78376 turns).

motkurizz the Crack Shot (Tengu Air Elementalist)  Turns: 78376, Time: 05:07:20

Health: 184/184    AC: 30    Str: 19    XL:     27
Magic:  40/40      EV: 40    Int: 18    God:    Okawaru [*****.]
Gold:   3375       SH:  4    Dex: 28    Spells: 25/38 levels left

rFire   + + .        p - +27 heavy crossbow "Sniper" {heavy, Acc+∞ SInv}
rCold   + . .        (shield currently unavailable)
rNeg    + . .        m - +8 fire dragon scales
rPois   .            i - +1 hat "Zehub" {Rampage rN+ Regen+}
rElec   +            y - scarf "Rezxitta" {repulsion, Fly rC+ Dex+2 Stlth-}
rCorr   .            R - +3 pair of gauntlets of War {Slay+5}
SInv    +            (boots unavailable)
Will    +++..        W - amulet "Poappyef" {Faith rElec}
Stlth   ++           X - ring of Utwusulo {Will+ Int+2 Dex+5}
HPRegen 1.30/turn    H - ring "Qutit" {Contam rC+ EV+5 Int+3 Dex+2}
MPRegen 0.27/turn

%: repel missiles, rampage, faith
@: flying quickly and evasively, hasted, studying 2 skills, very quick
A: beak, talons 3, nimble flight, large bone plates 1, clumsy 1, dopey 1, high
MP 1, strong 1
0: Orb of Zot
}: 3/15 runes: barnacled, silver, gossamer
a: Renounce Religion, Heroism, Finesse, Duel


You escaped.
You worshipped Okawaru.
Okawaru was extremely pleased with you.
You visited 10 branches of the dungeon, and saw 48 of its levels.
You also visited: Trove, Bailey, Ice Cave and Desolation.

You collected 10295 gold pieces.
You spent 6920 gold pieces at shops.

Inventory:

Hand Weapons
 a - the +6 longbow of Ragnarok {antimagic, rPois}
   (You acquired it on level 3 of the Vaults)

   rPois:     It protects you from poison.
 b - a +9 triple crossbow of flaming
 h - the +8 longbow "Zephyr" {speed, Dex+3 SInv}
   (You acquired it on level 3 of the Dungeon)

   Dex:       It affects your dexterity (+3).
   SInv:      It lets you see invisible.
 p - the +27 heavy crossbow "Sniper" (weapon) {heavy, Acc+∞ SInv}
   (Okawaru gifted it to you on level 3 of the Elven Halls)

   Acc+∞: It never misses its target.
   SInv:      It lets you see invisible.
 u - the +8 arbalest of Laqett {heavy, Str+3 Int+2}
   (Okawaru gifted it to you on level 4 of the Lair of Beasts)

   Str:       It affects your strength (+3).
   Int:       It affects your intelligence (+2).
Armour
 i - the +1 hat "Zehub" (worn) {Rampage rN+ Regen+}
   (You found it on level 3 of the Vaults)

   rN:        It protects you from negative energy.
   Regen:     It increases your rate of health regeneration.
   Rampage:   It bestows one free step when moving towards enemies.
 m - +8 fire dragon scales (worn)
 t - the +1 cloak of Starlight {*Dazzle EV+4 Stlth--}
   (Okawaru gifted it to you on level 2 of the Realm of Zot)

   *Dazzle:   It may blind those who miss an attack against the wearer in melee
   combat.
   EV:        It affects your evasion (+4).
   Stlth:     It makes you much less stealthy.
 y - the scarf "Rezxitta" (worn) {repulsion, Fly rC+ Dex+2 Stlth-}
   (You acquired it on level 4 of the Vaults)

   Dex:       It affects your dexterity (+2).
   rC:        It protects you from cold.
   Fly:       It grants you flight.
   Stlth:     It makes you less stealthy.
 D - the +2 hood of the Assassin {Detect Stab+ Stlth++}
   (You found it on level 5 of the Vaults)

   Detect:    It allows the wearer to sense nearby creatures.
   Stab+:     It allows the wearer to make particularly effective stabbing
   attacks against helpless or unaware enemies with any weapon.
   Stlth:     It makes you much more stealthy.
 R - the +3 pair of gauntlets of War (worn) {Slay+5}
   (You acquired it on level 3 of the Elven Halls)

   Slay:      It affects your accuracy & damage with ranged weapons and melee
   (+5).
Jewellery
 g - a ring of poison resistance
 l - the ring "Vut Safy" {Wiz rN+ Will+ Stlth-}
   (You took it off a vault sentinel on level 3 of the Vaults)

   [ring of wizardry]

   It improves your spell success rate.
   rN:        It protects you from negative energy.
   Will:      It increases your willpower.
   Stlth:     It makes you less stealthy.
 o - the ring "Peidi" {rF+ rC+ Will++ Dex-3}
   (You found it on level 1 of the Shoals)

   [ring of protection from fire]

   Dex:       It affects your dexterity (-3).
   rF:        It protects you from fire.
   rC:        It protects you from cold.
   Will:      It greatly increases your willpower.
 G - the ring "Jeloshio" {Fly rElec Will- rCorr Str+2}
   (You found it in an ice cave)

   [ring of flight]

   Str:       It affects your strength (+2).
   rElec:     It insulates you from electricity.
   Fly:       It grants you flight.
   rCorr:     It protects you from acid and corrosion.
   Will:      It decreases your willpower.
 H - the ring "Qutit" (right hand) {Contam rC+ EV+5 Int+3 Dex+2}
   (You found it in the Desolation of Salt)

   [ring of evasion]

   EV:        It affects your evasion (+5).
   Int:       It affects your intelligence (+3).
   Dex:       It affects your dexterity (+2).
   rC:        It protects you from cold.
   Contam:    It causes magical contamination when unequipped.
 I - a +6 ring of intelligence
 J - the ring "Wominnim" {rN++ rCorr Int+2}
   (You found it in the Desolation of Salt)

   [ring of resist corrosion]

   Int:       It affects your intelligence (+2).
   rN:        It greatly protects you from negative energy.
   rCorr:     It protects you from acid and corrosion.
 P - the amulet "Edilen" {Reflect rPois rN+ MP+9 SH+5}
   (You found it on level 13 of the Dungeon)

   [amulet of reflection]

   It reflects blocked missile attacks.
   rPois:     It protects you from poison.
   rN:        It protects you from negative energy.
   MP:        It affects your magic capacity (+9).
   SH:        It affects your SH (+5).
 W - the amulet "Poappyef" (around neck) {Faith rElec}
   (You took it off a deep elf death mage on level 3 of the Elven Halls)

   [amulet of faith]

   It allows you to gain divine favour quickly.
   rElec:     It insulates you from electricity.
 X - the ring of Utwusulo (left hand) {Will+ Int+2 Dex+5}
   (You found it on level 1 of the Shoals)

   [ring of willpower]

   Int:       It affects your intelligence (+2).
   Dex:       It affects your dexterity (+5).
   Will:      It increases your willpower.
 Y - a ring of willpower
Wands
 n - a wand of digging (26)
 C - a wand of acid (10)
 F - a wand of mindburst (41)
 L - a wand of roots (34)
Scrolls
 c - 14 scrolls of teleportation
 e - 9 scrolls of immolation
 j - 6 scrolls of fog
 r - a scroll of fear
 E - 5 scrolls of silence
 K - a scroll of enchant armour
 N - 3 scrolls of revelation
 Q - 7 scrolls of poison
 U - 6 scrolls of amnesia
Potions
 d - 4 potions of haste
 f - 9 potions of mutation
 k - 13 potions of might
 q - 5 potions of cancellation
 s - 2 potions of berserk rage
 w - 8 potions of brilliance
 x - 26 potions of curing
 B - 5 potions of ambrosia
 O - a potion of invisibility
 S - 6 potions of enlightenment
 T - 12 potions of heal wounds
 V - 2 potions of resistance
Miscellaneous
 v - a phial of floods
 A - a condenser vane
 M - a lightning rod (4/4)


   Skills:
 - Level 22.0 Fighting
 + Level 25.2 Ranged Weapons
 - Level 22.0 Armour
 - Level 22.0 Dodging
 - Level 14.0 Stealth
 - Level 6.0 Spellcasting
 - Level 4.0 Conjurations
 - Level 9.0 Air Magic
 - Level 1.0 Poison Magic
 - Level 18.0 Invocations
 - Level 10.0 Evocations


You had 25 spell levels left.
You knew the following spells:

 Your Spells              Type           Power      Damage    Failure   Level
a - Static Discharge      Conj/Air       56%        2-5/arc   2%          2
b - Airstrike             Air            18%        2d(3-19)  6%          4
c - Swiftness             Air            37%        N/A       1%          3
d - Mephitic Cloud        Conj/Pois/Air  22%        N/A       11%         3
f - Shock                 Conj/Air       100%       1d9       1%          1

Your spell library contained the following spells:

 Spells                   Type           Power      Damage    Failure   Level
 Magic Dart               Conj           76%        1d6       4%          1
 Poisonous Vapours        Pois/Air       46%        N/A       4%          2
 Searing Ray              Conj           38%        2d5       7%          2
 Cigotuvi's Dreadful Rot  Necr/Pois/Air  34%        N/A       10%         2
 Foxfire                  Conj/Fire      48%        2x1d6     11%         1
 Kiss of Death            Conj/Necr      48%        2d9       11%         1
 Vhi's Electric Charge    Tloc/Air       42%        N/A       12%         3
 Momentum Strike          Conj/Tloc      24%        3d8       16%         2
 Sting                    Tmut/Pois      28%        1d4       21%         1
 Apportation              Tloc           10%        N/A       24%         1
 Slow                     Hex            20%        N/A       24%         1
 Dazzling Flash           Conj/Hex       24%        N/A       32%         3
 Ensorcelled Hibernation  Hex/Ice        10%        N/A       36%         2
 Lesser Beckoning         Tloc           10%        N/A       36%         2
 Passwall                 Tmut/Erth      4%         N/A       36%         2
 Scorch                   Fire           10%        2d5       36%         2
 Sublimation of Blood     Necr           5%         N/A       36%         2
 Wereblood                Tmut           5%         N/A       36%         2
 Arcjolt                  Conj/Air       14%        1d24      43%         5
 Confusing Touch          Hex            5%         N/A       58%         3
 Gell's Gravitas          Tloc           5%         N/A       58%         3
 Ozocubu's Armour         Ice            5%         N/A       58%         3
 Portal Projectile        Hex/Tloc       10%        N/A       58%         3
 Teleport Other           Tloc           5%         N/A       58%         3
 Vampiric Draining        Necr           5%         2d6       58%         3
 Volatile Blastmotes      Fire/Tloc      10%        2d10      58%         3
 Flame Wave               Conj/Fire      12%        2d6       71%         4
 Fulminant Prism          Conj/Hex       6%         3d7       71%         4
 Iskenderun's Mystic Bla  Conj/Tloc      12%        2d5       71%         4
 Freezing Cloud           Conj/Ice/Air   10%        6-21      75%         5
 Olgreb's Toxic Radiance  Pois           9%         N/A       85%         4
 Leda's Liquefaction      Hex/Erth       2%         N/A       94%         4
 Manifold Assault         Tloc           5%         N/A       94%         4
 Passage of Golubria      Tloc           5%         N/A       94%         4
 Petrify                  Tmut/Erth      5%         N/A       94%         4
 Conjure Ball Lightning   Conj/Air       14%        3x3d6     95%         6
 Irradiate                Conj/Tmut      6%         3d13      96%         5
 Alistair's Intoxication  Tmut/Pois      4%         N/A       99%         5
 Plasma Beam              Fire/Air       10%        2x1d21    99%         6
 Lee's Rapid Deconstruct  Erth           2%         3d5*      100%        5
 Metabolic Englaciation   Hex/Ice        2%         N/A       100%        5
 Yara's Violent Unravell  Hex/Tmut       2%         3d3       100%        5
 Dispersal                Tloc           2%         N/A       100%        6
 Leda's Unmaking          Conj/Erth      6%         9d2       100%        6
 Starburst                Conj/Fire      6%         6d4       100%        6
 Ozocubu's Refrigeration  Ice            2%         4d8       100%        7
 Borgnjor's Revivificati  Necr           2%         N/A       100%        8
 Discord                  Hex            2%         N/A       100%        8
 Disjunction              Tloc           2%         N/A       100%        8
 Maxwell's Capacitive Co  Air            18%        ∞         100%        8
 Death's Door             Necr           2%         N/A       100%        9
 Fire Storm               Conj/Fire      6%         8d2       100%        9
 Polar Vortex             Ice            2%         N/A       100%        9
 Tukima's Dance           Hex            Unusable   N/A       N/A         3
 Summon Forest            Summ/Tloc      Unusable   N/A       N/A         5
 Summon Mana Viper        Hex/Summ       Unusable   N/A       N/A         5
 Simulacrum               Ice/Necr       Unusable   N/A       N/A         6
 Summon Cactus Giant      Summ           Unusable   N/A       N/A         6
 Haunt                    Necr/Summ      Unusable   N/A       N/A         7
 Malign Gateway           Summ/Tloc      Unusable   N/A       N/A         7

Dungeon Overview and Level Annotations

Branches:
Dungeon (15/15)            Temple (1/1) D:5            Lair (5/5) D:9
 Shoals (4/4) Lair:3       Spider (4/4) Lair:2        Slime (0/5) Lair:4
    Orc (2/2) D:11            Elf (3/3) Orc:2        Vaults (5/5) D:14
  Crypt (0/3) Vaults:3     Depths (4/4) D:15            Zot (5/5) Depths:4
 Bailey (visited)           IceCv (visited)         Desolation (visited)

Altars:
Ashenzari
Cheibriados
Dithmenos
Elyvilon
Fedhas
Gozag
Hepliaklqana
Kikubaaqudgha
Makhleb
Nemelex Xobeh
Okawaru
Qazlal
Ru
Sif Muna
Trog
Uskayaw
Vehumet
Wu Jian
Xom
Yredelemnul
Zin
The Shining One
Jiyva
Lugonu

Shops:
D:3 ?   D:7 [   D:11 =   D:13 ?   Orc:1 ==:[   Orc:2 [?[[   Elf:1 ::=
Vaults:2 (   Vaults:5 ?!!   Depths:1 *:=!   Depths:4 =

Portals:
Hell: Depths:1 Depths:2 Depths:3 Depths:4
Abyss: Lair:5 Depths:2 Depths:3
Pandemonium: Depths:1 Depths:2
Ziggurat: Depths:1

Annotations:
D:4 exclusion: downstairs
D:8 exclusion: downstairs
D:9 exclusion: upstairs
D:10 exclusion: upstairs
D:13 NigelTetley's ghost, journeyman DgHu
Shoals:2 6 transporters, exclusion: downstairs
Elf:2 3 runed translucent doors
Depths:2 exclusion: downstairs


Innate Abilities, Weirdness & Mutations

You have a beak for a mouth.
You have claws for feet.
Your magical nature lets you fly swiftly and evasively.
You are partially covered in large bone plates. (SH +4)
You are clumsy. (Dex -2)
You are dopey. (Int -2)
You have an increased reservoir of magic. (+10% MP)
Your muscles are strong. (Str +4, Int/Dex -1)


Message History

You shoot a bolt. The bolt hits the soul eater!!!
The soul eater is almost dead.
You shoot a bolt. The bolt hits the soul eater.
The soul eater is almost dead.
You shoot a bolt. The bolt hits the soul eater!!!!
You kill the soul eater!
Okawaru accepts your kill.
(D) Dungeon (T) Temple (L) Lair (A) Shoals (N) Spider Nest (M) Slime Pits (O) Orcish Mines (E) Elven Halls (V) Vaults (C) Crypt (U) Depths (H) Hell (Z) Zot
Where to? (Enter - D:1, ? - help)
An Orb Guardian comes into view.
There is a stone staircase leading up here.
You fly upwards.
There is a stone staircase leading down here.
(D) Dungeon (T) Temple (L) Lair (A) Shoals (N) Spider Nest (M) Slime Pits (O) Orcish Mines (E) Elven Halls (V) Vaults (C) Crypt (U) Depths (H) Hell (Z) Zot
Where to? (Enter - D:1, ? - help)
There is a stone staircase leading up here.
You fly upwards.
There is a stone staircase leading down here.
There is an escape hatch in the ceiling here.
There is a stone staircase leading up here.
You fly upwards.
There is a stone staircase leading down here.
(D) Dungeon (T) Temple (L) Lair (A) Shoals (N) Spider Nest (M) Slime Pits (O) Orcish Mines (E) Elven Halls (V) Vaults (C) Crypt (U) Depths (H) Hell (Z) Zot
Where to? (Enter - D:1, ? - help) You're already here!
You feel yourself speed up.
There is an open door here. 2 hellwings come into view.
The hellwing moves out of view. x2
There is a staircase leading out of the dungeon here.
You have escaped!

######### #......### #.....
.†......# ####'####...# #.....
######### ##PP#.#PP###.####.....
###### ##PP.#.#~~P##..........
.....# ##PPP.#.#~~~P##.#######.
.....# #P....#.#~~~~P#.#######.
.....# #PP...#.#~~~~P#.........
.....###########.#######..#......
.........'......@.....4'..#......
.....###.#######.#######..#......
.....# #.#P~~~~#.#....P#..#......
..######.#P~~~~#.#...PP#...4.....
)........##P~~~#.#..PP##..#......
##.......###P~~#.#..P##..........
#.......# ##PP#.#PP###.#.##.##..
##.......# ####+####............
.'......># #.##.#...............


You could see a hellwing.

Vanquished Creatures
  5 dread liches
  2 pandemonium lords
  7 orbs of fire
  4 ancient liches
  A juggernaut (Depths:3)
  3 Killer Klowns
  Margery (Vaults:2)
  3 caustic shrikes (Depths:4)
  A curse toe (Zot:5)
  9 golden dragons
  A bone dragon (Depths:4)
  Arachne (Spider:4)
  5 electric golems
  24 tentacled monstrosities
  Jorgrun (Shoals:1)
  A Hell Sentinel (Depths:4)
  4 liches
  A walking earthen tome (Depths:2)
  3 walking crystal tomes (Depths:3)
  27 Orb Guardians
  9 quicksilver dragons
  Asterion (Spider:2)
  5 titans (Vaults:5)
  4 deep elf master archers (Elf:3)
  2 deep elf blademasters (Elf:3)
  6 krakens
  8 death cobs
  Polyphemus (Shoals:3)
  An Executioner (D:7)
  7 sphinxes
  13 shadow dragons
  10 storm dragons
  Kirke (Shoals:1)
  Ilsuiw (Shoals:3)
  Aizul (Shoals:4)
  8 fire giants
  A daeva (Depths:2)
  10 tengu reavers
  3 imperial myrmidons (Desolation)
  4 draconian knights
  7 deep elf sorcerers
  10 draconian monks
  Louise (Shoals:1)
  A fenstrider witch (shapeshifter) (Vaults:5)
  20 frost giants
  15 vault wardens
  5 deep elf elementalists
  3 ghost moths
  2 frost giants (shapeshifter)
  An iron dragon (Vaults:5)
  4 draconian stormcallers
  12 draconian scorchers
  14 draconian shifters
  A cacodemon (Vaults:3)
  4 spriggan defenders
  A caustic shrike zombie (Depths:2)
  2 war gargoyles
  2 orc warlords
  A broodmother (Spider:4)
  16 ironbound preservers
  5 draconian annihilators
  5 formless jellyfish
  6 ironbound thunderhulks
  18 stone giants
  22 very ugly things
  6 vampire knights
  The ghost of KimchiStew the Spry, a journeyman FeWn of Trog (Vaults:3)
  12 green draconians
  11 yellow draconians
  3 deep elf annihilators
  Nessos (D:14)
  9 black draconians
  A halazid warlock (Desolation)
  18 purple draconians
  14 red draconians
  15 white draconians
  9 deep elf demonologists
  18 dire elephants
  A dire elephant (shapeshifter) (D:14)
  Azrael (Spider:1)
  Snorg (D:14)
  8 spark wasps
  A crystal guardian (Vaults:2)
  6 merfolk javelineers
  Josephine (D:12)
  15 ettins
  10 merfolk impalers
  10 deep elf death magi
  5 deep elf high priests
  5 fire dragons
  11 yaktaur captains
  5 rakshasas
  6 entropy weavers
  8 great orbs of eyes
  10 ragged hierophants (Desolation)
  2 jorogumos
  2 ogre magi (D:14)
  8 ice dragons
  10 servants of whispers (Desolation)
  Erica (D:10)
  26 vault guards (Vaults:5)
  14 peacekeepers
  3 catoblepae
  3 merfolk avatars
  An alligator snapping turtle (Shoals:4)
  A hell beast (Zot:2)
  4 spriggan air magi
  7 hydras
  13 boulder beetles
  11 centaur warriors
  8 merfolk aquamancers
  17 ironbound frosthearts
  6 deep troll shamans
  4 tengu warriors
  A death knight (D:15)
  A death scarab (Spider:1)
  14 demonic crawlers
  2 orc high priests
  2 thrashing horrors (Lair:5)
  4 two-headed ogres
  9 death yaks
  12 dancing weapons
  8 deep troll earth magi
  4 spriggan berserkers
  A soul eater (D:4)
  12 hell knights
  A storm dragon zombie (D:15)
  A skeletal warrior (D:15)
  4 deep elf knights
  A titan skeleton (Depths:2)
  9 pharaoh ants
  The ghost of Samael12321 the Nimble, a novice SpHu of Ru (D:10)
  5 skysharks
  A spark wasp zombie (Depths:2)
  2 sun moths
  7 iron trolls
  11 sea snakes
  2 sixfirhies
  A deep troll (shapeshifter) (Vaults:3)
  8 orb spiders
  A flayed ghost (Depths:2)
  4 glowing orange brains
  32 deep trolls
  10 steelbarb worms
  13 deep elf archers
  3 orb spiders (shapeshifter)
  An orange crystal statue (IceCv)
  18 ironbound convokers
  11 phantasmal warriors
  20 harpies
  7 lindwurms
  A steelbarb worm (shapeshifter) (Lair:5)
  A kraken simulacrum (Shoals:3)
  49 ugly things
  12 wizards
  18 deep elf zephyrmancers
  Pikel (D:7)
  2 oklob plants (Shoals:4)
  12 wolf spiders
  10 necromancers
  22 orc knights
  16 deep elf pyromancers
  2 fauns (Shoals:1)
  17 manticores
  5 orc sorcerers
  36 moths of wrath
  A cyclops (shapeshifter) (Vaults:5)
  14 cyclopes
  2 human skeletons
  Maurice (D:9)
  A stone giant zombie (Vaults:3)
  2 frost giant skeletons (Depths:2)
  14 vault sentinels
  12 merfolk sirens
  A salamander (Depths:3)
  A rust devil (Depths:3)
  9 guardian serpents (Desolation)
  10 slime creatures
  5 elephants (Lair:5)
  3 black mambas
  A water nymph (shapeshifter) (Depths:3)
  4 fire giant skeletons
  An eye of devastation (shapeshifter) (D:14)
  An orange demon (Zot:4)
  2 smoke demons
  5 water nymphs
  A cane toad (shapeshifter) (Elf:1)
  7 torpor snails
  2 molten gargoyles
  2 apocalypse crabs (Shoals:1)
  9 cane toads
  A kobold demonologist (D:13)
  An unseen horror (D:11)
  10 komodo dragons
  4 freezing wraiths
  19 rime drakes
  A rime drake (shapeshifter) (D:15)
  A hellion (Zot:4)
  Psyche (D:9)
  A tengu conjurer (Depths:1)
  2 red devils
  25 yaktaurs
  2 efreet
  A yaktaur skeleton (Vaults:2)
  A guardian mummy (D:15)
  8 trolls
  22 polar bears
  A merfolk (shapeshifter) (Vaults:5)
  6 wind drakes
  A hellwing (D:9)
  3 meliai (Spider:4)
  20 tarantellas
  The ghost of TobyConnect the Insei, an amateur DsSh (D:3)
  27 merfolk
  84 saltlings (Desolation)
  2 raiju (Lair:5)
  27 blink frogs
  A spriggan zombie (D:15)
  8 snapping turtles
  4 hornets
  A raiju (shapeshifter) (D:15)
  15 dream sheep
  A frost giant simulacrum (Depths:2)
  A flying skull (Vaults:3)
  10 culicivoras
  2 ettin zombies (Vaults:2)
  A human simulacrum (Vaults:3)
  6 spriggans
  13 jumping spiders
  A shadow (D:12)
  An air elemental (Orc:2)
  2 wyverns
  An ettin skeleton (Depths:1)
  9 water elementals
  27 yaks
  2 humans (Shoals:1)
  13 wraiths
  25 fire elementals
  A spriggan skeleton (D:15)
  A vampire (D:10)
  2 ynoxinuls (Lair:5)
  2 hogs (Shoals:1)
  8 basilisks
  3 chaos spawn
  A death yak simulacrum (Shoals:3)
  18 redbacks
  A sea snake simulacrum (Shoals:3)
  4 large abominations
  An alligator snapping turtle simulacrum (Shoals:3)
  A neqoxec (D:8)
  12 wargs
  An acid dragon (D:11)
  3 swamp worms (Lair:3)
  2 floating eyes (shapeshifter)
  A hell hound (Spider:1)
  15 water moccasins
  2 glowing shapeshifter skeletons
  A meliai simulacrum (D:15)
  55 orc warriors
  A black bear (D:7)
  3 ice beasts
  3 sky beasts
  A black bear (shapeshifter) (Vaults:5)
  10 wolves
  A satyr simulacrum (Shoals:3)
  12 ogres
  A boggart (Vaults:3)
  13 centaurs
  A phantom (D:6)
  2 lemures (D:7)
  6 kobold brigands
  2 human zombies
  13 bullfrogs
  3 earth elementals
  2 faun simulacra (Shoals:3)
  A glowing shapeshifter simulacrum (Vaults:2)
  A water moccasin zombie (D:7)
  5 gnoll sergeants
  A scorpion (D:7)
  8 wights
  11 small abominations (Lair:5)
  A hornet simulacrum (D:15)
  A manticore simulacrum (Shoals:3)
  16 killer bees
  4 snapping turtle simulacra (Shoals:3)
  5 howler monkeys
  2 bullfrog zombies (D:7)
  2 centaur zombies (D:7)
  A jelly (D:10)
  2 quasits (D:13)
  11 orc priests
  3 gnoll boudas
  4 hounds
  2 iguanas
  3 sleepcaps
  6 cyclops simulacra (Shoals:3)
  21 orc wizards
  3 killer bee zombies (D:7)
  5 centaur simulacra
  23 gnolls
  7 adders
  An ufetubus (D:4)
  4 worms
  2 dart slugs
  87 orcs
  A ball python (D:4)
  6 endoplasms
  2 giant cockroaches (D:1)
  3 goblins
  10 hobgoblins
  4 jackals
  15 kobolds
  3 quokkas
  8 bats
  3 frilled lizards
  5 rats
  7 tentacles
2235 creatures vanquished.

Vanquished Creatures (collateral kills)
  A steelbarb worm (Spider:4)
  A culicivora (Spider:3)
  An orc priest (D:5)
3 creatures vanquished.

Vanquished Creatures (others)
  An ettin (D:13)
  A deep elf knight (Elf:2)
  A fire elemental (Zot:4)
  A boggart (Vaults:3)
  A small abomination (Depths:4)
  32 tentacles
37 creatures vanquished.

Grand Total: 2275 creatures vanquished

Notes
Turn   | Place    | Note
-------+----------+-------------------------------------------
     0 | D:1      | motkurizz the Tengu Air Elementalist began the quest for
                  | the Orb.
     0 | D:1      | Reached XP level 1. HP: 10/10 MP: 4/4
   188 | D:1      | Reached XP level 2. HP: 15/15 MP: 3/6
   359 | D:1      | Learned a level 2 spell: Static Discharge
   483 | D:1      | Reached skill level 5 in Air Magic
   713 | D:1      | Found a faded altar of an unknown god.
  1194 | D:2      | Reached XP level 3. HP: 11/19 MP: 2/7
  1971 | D:2      | Reached XP level 4. HP: 15/24 MP: 0/8
  1983 | D:2      | Learned a level 4 spell: Airstrike
  2833 | D:3      | Found a runed translucent door.
  2834 | D:3      | Noticed TobyConnect's ghost (amateur DsSh)
  2906 | D:3      | Found Ufasued's Magic Scroll Emporium.
  2909 | D:3      | Bought a scroll of identify for 20 gold pieces
  2912 | D:3      | Bought 3 scrolls of identify for 60 gold pieces
  2912 | D:3      | Bought a scroll of teleportation for 30 gold pieces
  2912 | D:3      | Bought a scroll of noise for 10 gold pieces
  3246 | D:4      | Gained mutation: Your magical nature lets you fly swiftly
                  | and evasively. [Tengu growth]
  3246 | D:4      | Reached XP level 5. HP: 28/28 MP: 3/10
  3779 | D:5      | Entered Level 5 of the Dungeon
  3792 | D:5      | Noticed an ogre
  3809 | D:4      | Learned a level 3 spell: Swiftness
  3898 | D:5      | Noticed a water moccasin
  3996 | D:5      | Reached skill level 1 in Ranged Weapons
  4005 | D:5      | Reached skill level 1 in Fighting
  4005 | D:5      | Reached XP level 6. HP: 30/34 MP: 0/11
  4133 | D:5      | Killed a water moccasin
  4134 | D:5      | Reached skill level 2 in Ranged Weapons
  4217 | D:5      | Found a staircase to the Ecumenical Temple.
  4224 | Temple   | Entered the Ecumenical Temple
  4570 | D:5      | Reached XP level 7. HP: 40/40 MP: 7/12
  4849 | D:5      | Reached skill level 3 in Ranged Weapons
  5632 | D:6      | Found a stormy altar of Qazlal.
  5679 | D:6      | Reached XP level 8. HP: 46/46 MP: 3/13
  5807 | D:6      | Found a hide-covered altar of Uskayaw.
  5808 | D:6      | Found a white marble altar of Elyvilon.
  5810 | D:6      | Found an ornate altar of the Wu Jian Council.
  5810 | D:6      | Found an iron altar of Okawaru.
  5823 | D:6      | Became a worshipper of Warmaster Okawaru
  5945 | D:6      | Reached skill level 4 in Ranged Weapons
  6518 | D:7      | Reached skill level 5 in Ranged Weapons
  6633 | D:7      | Reached * piety under Okawaru
  7025 | D:7      | Found Hocatsef's Armour Shoppe.
  7029 | D:7      | Reached skill level 5 in Dodging
  7119 | D:7      | Reached skill level 6 in Ranged Weapons
  7119 | D:7      | Reached skill level 1 in Invocations
  7224 | D:7      | Reached XP level 9. HP: 39/52 MP: 2/14
  7899 | D:7      | Reached skill level 5 in Fighting
  7975 | D:7      | Found a basalt altar of Yredelemnul.
  8118 | D:7      | Reached skill level 7 in Ranged Weapons
  8201 | D:7      | Reached ** piety under Okawaru
  8292 | D:7      | Noticed Pikel
  8317 | D:7      | Killed Pikel
  8606 | D:7      | Reached skill level 8 in Ranged Weapons
  8646 | D:7      | Reached *** piety under Okawaru
  8779 | D:7      | Identified the staff "Latoll" {rPois rF+ Str+2 Poison}
  9376 | D:8      | Reached XP level 10. HP: 60/60 MP: 6/15
  9464 | D:8      | Reached skill level 9 in Ranged Weapons
  9999 | D:3      | Killed TobyConnect's ghost
 10575 | D:8      | Reached **** piety under Okawaru
 11048 | D:9      | Reached skill level 10 in Ranged Weapons
 11183 | D:10     | Entered Level 10 of the Dungeon
 11185 | D:10     | Noticed a two-headed ogre
 11189 | D:10     | Killed a two-headed ogre
 11492 | D:10     | Found a flagged portal.
 11500 | Bailey   | Entered a bailey
 11633 | Bailey   | Received a gift from Okawaru
 11969 | Bailey   | Reached XP level 11. HP: 67/67 MP: 16/16
 11979 | Bailey   | Reached skill level 11 in Ranged Weapons
 12106 | Bailey   | Identified the +0 pair of boots "Gadump" {rElec rN+}
 12273 | D:10     | Reached ***** piety under Okawaru
 12412 | D:10     | Noticed Erica
 12640 | D:10     | Found a runed translucent gate.
 12640 | D:10     | Found a runed translucent gate.
 12642 | D:10     | Found a runed translucent gate.
 12642 | D:10     | Noticed Samael12321's ghost (novice SpHu)
 12643 | D:10     | Noticed a great orb of eyes
 12816 | D:10     | Found a viscous altar of Jiyva.
 12906 | D:9      | Noticed Maurice
 12906 | D:9      | Noticed Psyche
 12925 | D:9      | Reached skill level 1 in Armour
 12931 | D:9      | Killed Maurice
 12934 | D:9      | Killed Psyche
 13252 | D:9      | Reached skill level 12 in Ranged Weapons
 13356 | D:9      | Found a staircase to the Lair.
 13494 | Lair:1   | Entered Level 1 of the Lair of Beasts
 13579 | Lair:1   | Noticed a death yak
 13699 | Lair:1   | Noticed a death yak
 14034 | Lair:1   | Reached skill level 1 in Evocations
 14265 | Lair:1   | Identified the ring of Moodiness {Fly Str+2 Int+3 Stlth+}
 14408 | Lair:1   | Received a gift from Okawaru
 14478 | Lair:1   | Noticed a death yak
 14657 | Lair:2   | Reached ****** piety under Okawaru
 14897 | Lair:2   | Reached XP level 12. HP: 15/75 MP: 1/17
 15167 | Lair:2   | Reached skill level 10 in Dodging
 15338 | Lair:2   | Reached skill level 13 in Ranged Weapons
 15807 | Lair:2   | Found a hole to the Spider Nest.
 16251 | Lair:3   | Found a staircase to the Shoals.
 16455 | Lair:3   | Noticed a demonic crawler
 16479 | Lair:3   | Got the Enchiridion on the Singularity
 16522 | Lair:3   | Identified the +0 leather armour "Awog" {*Slow rC++ Regen+
                  | Stlth+}
 16526 | Lair:3   | You are sucked into a shaft and drop 2 floors!
 16526 | Lair:5   | Entered Level 5 of the Lair of Beasts
 16540 | Lair:4   | Identified the +8 arbalest of Laqett {heavy, Str+3 Int+2}
                  | (Okawaru gifted it to you on level 4 of the Lair of Beasts)
 16540 | Lair:4   | Received a gift from Okawaru
 16622 | Lair:5   | Noticed a skyshark
 16695 | Lair:4   | Noticed a boulder beetle
 16704 | Lair:4   | Killed a boulder beetle
 16874 | Lair:4   | Reached skill level 5 in Invocations
 16931 | Lair:4   | Learned a level 3 spell: Mephitic Cloud
 16978 | Lair:4   | Noticed a boulder beetle
 16999 | Lair:4   | Killed a boulder beetle
 17066 | Lair:4   | Reached skill level 14 in Ranged Weapons
 17068 | Lair:4   | Reached skill level 1 in Poison Magic
 17068 | Lair:4   | Reached XP level 13. HP: 44/80 MP: 7/18
 17324 | Lair:4   | Found a viscous altar of Jiyva.
 17324 | Lair:4   | Found a staircase to the Slime Pits.
 17532 | Lair:5   | Received a gift from Okawaru
 18253 | Lair:5   | Reached skill level 10 in Fighting
 18292 | Lair:4   | Identified the +3 plate armour of Quantum Leap {Drain
                  | +Blink Int+4} (Okawaru gifted it to you on level 4 of the
                  | Lair of Beasts)
 18292 | Lair:4   | Received a gift from Okawaru
 18410 | Lair:5   | Reached skill level 15 in Ranged Weapons
 18509 | Lair:5   | Paralysed by a chaos spawn for 5 turns
 18854 | Lair:5   | Reached XP level 14. HP: 88/88 MP: 21/21
 19086 | Lair:5   | Identified the +10 crystal plate armour of Wehydown {Int+4}
                  | (Okawaru gifted it to you on level 5 of the Lair of Beasts)
 19086 | Lair:5   | Received a gift from Okawaru
 19230 | Lair:5   | Found a corrupted altar of Lugonu.
 19230 | Lair:5   | Found a one-way gate to the infinite horrors of the Abyss.
 19251 | Lair:5   | Identified the staff "Wuywnes" {Str+5 Conj}
 20194 | D:7      | Bought a +2 robe of resistance for 490 gold pieces
 20336 | D:11     | Found an iron altar of Okawaru.
 20850 | D:11     | Found a portal to a secret trove of treasure.
 21030 | D:11     | Found a staircase to the Orcish Mines.
 21407 | Orc:1    | Entered Level 1 of the Orcish Mines
 21407 | Orc:1    | Found Seraut's Jewellery Shop.
 21411 | Orc:1    | Bought an amulet of faith for 560 gold pieces
 21443 | Orc:1    | Reached skill level 16 in Ranged Weapons
 21719 | Orc:1    | Found Caocsemn's Book Emporium.
 21738 | Orc:1    | Noticed an orc warlord
 21781 | Orc:1    | Killed an orc warlord
 22038 | Orc:1    | Found March's Jewellery Boutique.
 22051 | Orc:1    | Found Geghy's Distillery.
 22056 | Orc:1    | Bought a potion of haste for 160 gold pieces
 22056 | Orc:1    | Bought a potion of mutation for 128 gold pieces
 22056 | Orc:1    | Bought 2 potions of attraction for 96 gold pieces
 22151 | Orc:2    | Entered Level 2 of the Orcish Mines
 22200 | Orc:2    | Found a staircase to the Elven Halls.
 22531 | Orc:1    | Received a gift from Okawaru
 23393 | Orc:2    | Found Uwigu's Antique Armour Boutique.
 23393 | Orc:2    | Found Vaajash's Armour Emporium.
 23583 | Orc:2    | Found Ososun's Armour Boutique.
 23583 | Orc:2    | Found Rongeytz's Magic Scroll Emporium.
 23598 | Orc:2    | Bought a scroll of identify for 22 gold pieces
 23598 | Orc:2    | Bought a scroll of fear for 44 gold pieces
 23688 | Orc:1    | Found Hamo Owi's Armour Shoppe.
 23974 | D:12     | Reached XP level 15. HP: 95/95 MP: 22/22
 24183 | D:12     | Noticed Josephine
 24189 | D:12     | Killed Josephine
 24211 | D:12     | Reached skill level 15 in Dodging
 24453 | D:12     | Reached skill level 17 in Ranged Weapons
 25240 | D:13     | Found a transporter.
 25419 | D:13     | Received a gift from Okawaru
 25441 | D:13     | Found a transporter.
 25447 | D:13     | Noticed NigelTetley's ghost (journeyman DgHu)
 25459 | D:13     | Found Qamiudgh's Magic Scroll Shoppe.
 25477 | D:13     | Bought a scroll of identify for 24 gold pieces
 25520 | D:13     | Found a transporter.
 25692 | D:11     | You paid a toll of 5 scrolls of blinking to enter a
                  | treasure trove
 25693 | Trove    | Entered a treasure trove
 25867 | D:13     | Found a transporter.
 25888 | D:13     | Gained mutation: Your spells are a little easier to cast,
                  | but a little less powerful. [a neqoxec]
 25894 | D:13     | Identified the amulet "Edilen" {Reflect rPois rN+ MP+9
                  | SH+5}
 25983 | D:14     | Noticed Snorg
 25987 | D:14     | Killed Snorg
 26144 | D:14     | Noticed a sphinx
 26150 | D:14     | Noticed a frost giant
 26152 | D:14     | Killed a sphinx
 26579 | D:14     | Received a gift from Okawaru
 26610 | D:14     | Noticed an azure jelly
 26610 | D:14     | an azure jelly changed into a stone giant
 26993 | Shoals:1 | Entered Level 1 of the Shoals
 26993 | Shoals:1 | Noticed Jorgrun
 27004 | Shoals:1 | Killed Jorgrun
 27016 | Shoals:1 | Noticed Kirke
 27024 | Shoals:1 | Killed Kirke
 27428 | Shoals:1 | Noticed Louise
 27526 | Shoals:1 | Identified the +3 chain mail "Diohirph" {rC++ Str+3 Dex+2}
                  | (Okawaru gifted it to you on level 1 of the Shoals)
 27526 | Shoals:1 | Received a gift from Okawaru
 27651 | Shoals:1 | Identified the ring of Utwusulo {Will+ Int+2 Dex+5}
 27733 | Shoals:1 | Reached skill level 18 in Ranged Weapons
 27772 | Shoals:3 | Noticed Polyphemus
 27836 | Shoals:2 | Found a transporter.
 27845 | Shoals:2 | Found a transporter.
 27886 | Shoals:2 | Found a transporter.
 27888 | Shoals:2 | Found a transporter.
 27899 | Shoals:2 | Reached XP level 16. HP: 102/102 MP: 23/23
 27918 | Shoals:2 | Found a transporter.
 27918 | Shoals:2 | Found a transporter.
 28722 | Shoals:3 | Found a runed translucent gate.
 28722 | Shoals:3 | Found a runed translucent gate.
 28722 | Shoals:3 | Found a runed translucent gate.
 29464 | Shoals:3 | Noticed a kraken
 29471 | Shoals:3 | Killed a kraken
 29527 | Shoals:3 | Noticed Ilsuiw
 29533 | Shoals:3 | Noticed a kraken
 29541 | Shoals:3 | Killed a kraken
 29556 | Shoals:3 | Noticed a kraken
 29562 | Shoals:3 | Killed a kraken
 29585 | Shoals:3 | Noticed a kraken
 29592 | Shoals:3 | Killed a kraken
 29592 | Shoals:3 | Received a gift from Okawaru
 29836 | Shoals:3 | Killed Polyphemus
 29896 | Shoals:3 | Identified the +1 chain mail "Onastrucs" {rCorr}
 30202 | Shoals:3 | Reached skill level 5 in Armour
 30202 | Shoals:3 | Reached skill level 5 in Stealth
 30679 | Shoals:1 | Killed Louise
 30913 | Orc:1    | Bought the +3 scale mail of Yjon {rElec rC+ SInv Stlth+}
                  | for 517 gold pieces
 31351 | Shoals:1 | Noticed a kraken
 31356 | Shoals:1 | Killed a kraken
 31436 | Shoals:1 | Received a gift from Okawaru
 31436 | Shoals:1 | Found the +7 Kryia's mail coat {PotionHeal*2 rC+}
 31440 | Shoals:1 | Noticed a tentacled monstrosity
 31443 | Shoals:1 | Killed a tentacled monstrosity
 31456 | Shoals:1 | Identified the ring "Peidi" {rF+ rC+ Will++ Dex-3}
 31620 | Shoals:3 | Reached XP level 17. HP: 109/109 MP: 25/25
 31682 | Shoals:3 | Reached skill level 10 in Invocations
 31829 | Shoals:3 | Killed Ilsuiw
 32119 | Shoals:3 | Identified the +0 ring mail of Muttered Phrases {*Corrode
                  | MP+9 Str+3 Dex+3}
 32163 | Shoals:4 | Entered Level 4 of the Shoals
 32172 | Shoals:4 | Identified a scroll of acquirement
 32180 | Shoals:4 | Got the Vellum of Evil
 32359 | Shoals:4 | Noticed Aizul
 32363 | Shoals:4 | Killed Aizul
 32490 | Shoals:4 | Reached skill level 10 in Armour
 32760 | Shoals:4 | Received a gift from Okawaru
 32847 | Shoals:4 | Noticed a kraken
 32860 | Shoals:4 | Killed a kraken
 32889 | Shoals:4 | Got a barnacled rune of Zot
 33373 | Shoals:4 | Identified the ring of the Archfiend {rPois Int+3}
 33446 | Shoals:4 | Noticed a kraken
 33487 | Shoals:4 | Received a gift from Okawaru
 34333 | Lair:3   | Got Plog's Textbook on Incandescent Energy
 34650 | D:10     | Killed Samael12321's ghost
 34703 | D:10     | Killed Erica
 35446 | D:14     | Noticed Nessos
 35453 | D:14     | Killed Nessos
 35454 | D:14     | Reached XP level 18. HP: 96/114 MP: 22/26
 35578 | D:14     | Identified the +1 orcbow of the Madman {freeze, rF+ Dex+2
                  | SInv} (Okawaru gifted it to you on level 14 of the Dungeon)
 35578 | D:14     | Received a gift from Okawaru
 36002 | D:14     | Found a gate to the Vaults.
 36663 | D:15     | Entered Level 15 of the Dungeon
 36797 | D:15     | Found a staircase to the Depths.
 36811 | D:15     | Found a frozen archway.
 36988 | IceCv    | Entered an ice cave
 37016 | IceCv    | Received a gift from Okawaru
 37276 | IceCv    | Acquired the +6 hand crossbow of Responsibility {flame, Fly
                  | rCorr Str-2 Int+2}
 37278 | IceCv    | Acquired 1198 gold pieces
 37281 | IceCv    | Acquired 756 gold pieces
 37840 | IceCv    | Identified the ring "Jeloshio" {Fly rElec Will- rCorr
                  | Str+2}
 38138 | D:15     | Received a gift from Okawaru
 38945 | Depths:1 | Entered Level 1 of the Depths
 38945 | Depths:1 | Found a one-way gateway to a ziggurat.
 39019 | D:15     | Received a gift from Okawaru
 39236 | Vaults:1 | Entered Level 1 of the Vaults
 39651 | Vaults:1 | Reached XP level 19. HP: 77/123 MP: 27/27
 39829 | Vaults:1 | Reached skill level 15 in Armour
 39843 | Vaults:1 | Reached skill level 15 in Fighting
 41087 | Vaults:1 | Paralysed by a formless jellyfish for 1 turns
 41088 | Vaults:1 | Received a gift from Okawaru
 41570 | Spider:1 | Entered Level 1 of the Spider Nest
 41840 | Spider:1 | Noticed Azrael
 41847 | Spider:1 | Killed Azrael
 43043 | Spider:2 | Identified the +1 ring mail of the Candlemaker {rPois SInv}
                  | (Okawaru gifted it to you on level 2 of the Spider Nest)
 43043 | Spider:2 | Received a gift from Okawaru
 43145 | Spider:2 | Noticed Asterion
 43279 | Spider:2 | Killed Asterion
 44656 | Spider:4 | Entered Level 4 of the Spider Nest
 44708 | Spider:4 | Received a gift from Okawaru
 45096 | Spider:4 | Noticed Arachne
 45114 | Spider:4 | Killed Arachne
 45114 | Spider:4 | Received a gift from Okawaru
 45394 | Spider:4 | Reached XP level 20. HP: 131/131 MP: 20/28
 45745 | Spider:4 | Got a gossamer rune of Zot
 46229 | Elf:1    | Entered Level 1 of the Elven Halls
 46233 | Elf:1    | Paralysed by an air elemental for 1 turns
 46239 | Orc:2    | Paralysed by an air elemental for 1 turns
 46403 | Elf:1    | Found a crumbling gateway.
 46764 | Desolati | Entered the Desolation of Salt
 46797 | Desolati | Identified the ring "Wominnim" {rN++ rCorr Int+2}
 47054 | Desolati | Identified the ring of Sovereignty {rC- rN+ MP+9 Str+2}
 47059 | Desolati | Identified the ring "Qutit" {Contam rC+ EV+5 Int+3 Dex+2}
 47066 | Desolati | Identified the +1 leather armour of Too Many Cooks {*Slow
                  | rPois SInv}
 47170 | Desolati | Identified the +6 morningstar of Hapsetz {venom, *Noise
                  | Str+4}
 47503 | Desolati | Reached skill level 19 in Ranged Weapons
 49453 | Desolati | Got the Omnibus of the Impact and Moulding
 50815 | Desolati | Identified the +2 leather armour of Wu Jian's Pride {rPois
                  | rF- Regen+}
 51749 | Desolati | Glimpsed the power of Zot.
 51755 | Desolati | Identified the +3 great sword "Jepum" {flame, Fragile Will+
                  | Dex+3}
 51808 | Desolati | Received a gift from Okawaru
 52267 | Elf:1    | Reached XP level 21. HP: 139/139 MP: 29/29
 52494 | Elf:1    | Found Forchopui's Jewellery Emporium.
 52494 | Elf:1    | Found Ymiafois's Book Shop.
 52495 | Elf:1    | Found Zuicone's Book Shop.
 52720 | Elf:1    | Identified the +0 pair of gloves of Impermeability {Contam
                  | Str+3 Int+6} (Okawaru gifted it to you on level 1 of the
                  | Elven Halls)
 52720 | Elf:1    | Received a gift from Okawaru
 52870 | Elf:2    | Found a runed translucent gate.
 52870 | Elf:2    | Found a runed translucent gate.
 52870 | Elf:2    | Found a runed translucent gate.
 53755 | Elf:3    | Entered Level 3 of the Elven Halls
 54362 | Elf:3    | Identified the +10 long sword of Karma {elec, Str+2 SInv}
 55259 | Vaults:2 | Noticed Margery
 55277 | Vaults:2 | Killed Margery
 55781 | Vaults:2 | Identified the +2 ring mail of Magic {Harm Drain rPois
                  | Str-3}
 56514 | Vaults:2 | Identified the -1 cloak of the Smoking Gods {*Slow rF++
                  | Will+ Str+2} (Okawaru gifted it to you on level 2 of the
                  | Vaults)
 56514 | Vaults:2 | Received a gift from Okawaru
 56723 | Vaults:2 | Found Teechen's Weapon Shoppe.
 57555 | Vaults:3 | Found a runed translucent gate.
 57555 | Vaults:3 | Found a runed translucent gate.
 57555 | Vaults:3 | Found a runed translucent gate.
 57557 | Vaults:3 | Noticed KimchiStew's ghost (journeyman FeWn)
 57724 | Vaults:3 | Found a staircase to the Crypt.
 58361 | Vaults:3 | Noticed a dread lich
 58371 | Vaults:3 | Killed a dread lich
 58378 | Vaults:3 | Reached XP level 22. HP: 120/145 MP: 32/32
 58408 | Vaults:3 | Identified the ring of Dim Light {Fly rF+++ rN+ Slay-4
                  | Stlth+}
 58409 | Vaults:3 | Identified the +3 morningstar "Riotyeh" {spect, +Blink
                  | Dex+2}
 58505 | Vaults:3 | Identified the staff "Qynna" {rF+ rC+ Will- Str+6 Ice}
 58583 | Vaults:3 | Identified the +0 whip "Seuca" {freeze, *Rage Str+7 SInv}
 59082 | Vaults:3 | Identified the ring "Vut Safy" {Wiz rN+ Will+ Stlth-}
 59096 | Vaults:3 | Gained mutation: You are dopey. (Int -2) [mutagenic glow]
 59104 | Vaults:3 | Gained mutation: You are agile. (Dex +4, Str/Int -1)
                  | [mutagenic glow]
 59115 | Vaults:3 | Gained mutation: Armour fits poorly on your strangely
                  | shaped body. [mutagenic glow]
 59159 | Vaults:3 | Gained mutation: You do not regenerate when monsters are
                  | visible. [mutagenic glow]
 59230 | Vaults:3 | Killed KimchiStew's ghost
 59313 | Vaults:3 | Gained mutation: Your magical capacity is low. (-10% MP) [a
                  | cacodemon]
 59351 | Vaults:3 | Identified the +1 hat "Zehub" {Rampage rN+ Regen+}
 59362 | Vaults:3 | Acquired the +6 longbow of Ragnarok {antimagic, rPois}
 59423 | Vaults:3 | Lost mutation: Your magical capacity is low. (-10% MP)
                  | [potion of mutation]
 59423 | Vaults:3 | Lost mutation: You do not regenerate when monsters are
                  | visible. [potion of mutation]
 59423 | Vaults:3 | Gained mutation: Your flesh is heat resistant. (rF+)
                  | [potion of mutation]
 59504 | Vaults:3 | Lost mutation: Your spells are a little easier to cast, but
                  | a little less powerful. [potion of mutation]
 59504 | Vaults:3 | Lost mutation: You are agile. (Dex +4, Str/Int -1) [potion
                  | of mutation]
 59505 | Vaults:3 | Lost mutation: Your flesh is heat resistant. (rF+) [potion
                  | of mutation]
 59505 | Vaults:3 | Lost mutation: Armour fits poorly on your strangely shaped
                  | body. [potion of mutation]
 59505 | Vaults:3 | Gained mutation: You are clumsy. (Dex -2) [potion of
                  | mutation]
 59505 | Vaults:3 | Gained mutation: You are very dopey. (Int -4) [potion of
                  | mutation]
 59505 | Vaults:3 | Gained mutation: You have an increased reservoir of magic.
                  | (+10% MP) [potion of mutation]
 59506 | Vaults:3 | Lost mutation: You have an increased reservoir of magic.
                  | (+10% MP) [potion of mutation]
 59506 | Vaults:3 | Lost mutation: You are clumsy. (Dex -2) [potion of
                  | mutation]
 59506 | Vaults:3 | Lost mutation: You are very dopey. (Int -4) [potion of
                  | mutation]
 59506 | Vaults:3 | Gained mutation: Your magical capacity is low. (-10% MP)
                  | [potion of mutation]
 59506 | Vaults:3 | Lost mutation: Your magical capacity is low. (-10% MP)
                  | [potion of mutation]
 59506 | Vaults:3 | Gained mutation: You are strong-willed. (Will+) [potion of
                  | mutation]
 59506 | Vaults:3 | Gained mutation: You expend magic power (3 MP) to
                  | strengthen your wands. [potion of mutation]
 59727 | Vaults:4 | Reached skill level 20 in Ranged Weapons
 60247 | Vaults:4 | Identified the +3 robe of the Kettle-Drum {SInv} (Okawaru
                  | gifted it to you on level 4 of the Vaults)
 60247 | Vaults:4 | Received a gift from Okawaru
 60462 | Vaults:4 | Identified the +2 chain mail of Conscience {rElec rN+}
 60754 | Vaults:4 | Acquired the scarf "Rezxitta" {repulsion, Fly rC+ Dex+2
                  | Stlth-}
 60755 | Vaults:4 | Acquired 614 gold pieces
 61394 | Depths:1 | Found Noimoadi's Book Shop.
 61396 | Depths:1 | Found Xiozowk's Distillery.
 61398 | Depths:1 | Found Sifuk's Jewellery Shop.
 61412 | Depths:1 | Bought a potion of haste for 240 gold pieces
 61412 | Depths:1 | Bought a potion of haste for 240 gold pieces
 61412 | Depths:1 | Bought a potion of mutation for 192 gold pieces
 61412 | Depths:1 | Bought a potion of mutation for 192 gold pieces
 61412 | Depths:1 | Bought a potion of heal wounds for 120 gold pieces
 61412 | Depths:1 | Bought a potion of curing for 72 gold pieces
 61412 | Depths:1 | Bought a potion of curing for 72 gold pieces
 61737 | Depths:1 | Found a one-way gate leading to the halls of Pandemonium.
 61783 | Depths:1 | Found Anatt's Assorted Antiques.
 61789 | Depths:1 | Bought a scroll of fear for 144 gold pieces
 61789 | Depths:1 | Bought a scroll of teleportation for 108 gold pieces
 61875 | Depths:1 | Found a gateway to Hell.
 61967 | Depths:1 | Received a gift from Okawaru
 62367 | Depths:2 | Found a blossoming altar of Fedhas.
 62682 | Depths:2 | Identified the +8 trident "Reph" {heavy, rN+}
 62780 | Depths:2 | Identified the +5 great sword of Fuczoumn {heavy, rCorr
                  | SInv}
 62823 | Depths:2 | Received a gift from Okawaru
 62824 | Depths:2 | Reached XP level 23. HP: 145/152 MP: 11/34
 63109 | Depths:2 | Noticed a golden dragon
 63117 | Depths:2 | Killed a golden dragon
 63216 | Depths:2 | Noticed a golden dragon
 63218 | Depths:2 | Killed a golden dragon
 63265 | Depths:2 | Reached skill level 5 in Evocations
 63710 | Depths:3 | Received a gift from Okawaru
 63728 | Depths:4 | Entered Level 4 of the Depths
 63910 | Depths:3 | Found a broken altar of Ashenzari.
 64192 | Depths:3 | Received a gift from Okawaru
 64861 | Depths:3 | Noticed a golden dragon
 64866 | Depths:3 | Noticed a juggernaut
 64869 | Depths:3 | Killed a golden dragon
 64880 | Depths:3 | Killed a juggernaut
 64892 | Depths:3 | Received a gift from Okawaru
 65552 | Depths:4 | Identified the +7 chain mail "Deemystru" {Dex+3}
 65889 | Depths:4 | Found a glowing golden altar of the Shining One.
 66050 | Depths:4 | Noticed a caustic shrike
 66050 | Depths:4 | Noticed a caustic shrike
 66050 | Depths:4 | Noticed a caustic shrike
 66060 | Depths:4 | Killed a caustic shrike
 66060 | Depths:4 | Received a gift from Okawaru
 66063 | Depths:4 | Killed a caustic shrike
 66066 | Depths:4 | Killed a caustic shrike
 66231 | Depths:4 | Noticed a golden dragon
 66254 | Depths:4 | Reached XP level 24. HP: 159/159 MP: 34/34
 66351 | Depths:4 | Found a gate to the Realm of Zot.
 66733 | Depths:4 | Found Sihon's Jewellery Shoppe.
 67245 | Elf:3    | Reached skill level 21 in Ranged Weapons
 67248 | Elf:3    | Received a gift from Okawaru
 67248 | Elf:3    | Found the +27 heavy crossbow "Sniper" {heavy, Acc+∞ SInv}
 67294 | Elf:3    | Acquired the +3 pair of gauntlets of War {Slay+5}
 67294 | Elf:3    | Found the +3 pair of gauntlets of War {Slay+5}
 67401 | Elf:3    | Identified the ring "Romuemow" {Fly rF+++ Str-5 Int-3
                  | Dex+6}
 67419 | Elf:3    | Reached skill level 15 in Invocations
 67518 | Elf:3    | Identified the +8 hand axe "Neyciorocye" {antimagic, rC+}
 67518 | Elf:3    | Identified the +4 robe of Valiance {SInv}
 67518 | Elf:3    | Identified the amulet "Poappyef" {Faith rElec}
 67521 | Elf:3    | Received a gift from Okawaru
 67529 | Elf:3    | Identified the +7 dagger "Mokaihityd" {freeze, +Blink Str+4
                  | Int-4}
 67597 | Elf:3    | Got the Directory of Septic Doom
 68548 | Orc:1    | Bought a potion of curing for 48 gold pieces
 68548 | Orc:1    | Bought a potion of curing for 48 gold pieces
 68548 | Orc:1    | Bought 2 potions of heal wounds for 160 gold pieces
 68548 | Orc:1    | Bought a potion of curing for 48 gold pieces
 68548 | Orc:1    | Bought a potion of enlightenment for 80 gold pieces
 68609 | Orc:2    | Bought a scroll of teleportation for 33 gold pieces
 68609 | Orc:2    | Bought a scroll of poison for 44 gold pieces
 68609 | Orc:2    | Bought a scroll of acquirement for 572 gold pieces
 68609 | Orc:2    | Bought a scroll of fog for 44 gold pieces
 68612 | Orc:2    | Acquired 661 gold pieces
 68717 | D:13     | Bought a scroll of teleportation for 36 gold pieces
 68717 | D:13     | Bought a scroll of fog for 48 gold pieces
 68717 | D:13     | Bought a scroll of teleportation for 36 gold pieces
 68717 | D:13     | Bought a scroll of poison for 48 gold pieces
 68717 | D:13     | Bought a scroll of revelation for 90 gold pieces
 68717 | D:13     | Bought 3 scrolls of revelation for 270 gold pieces
 68847 | D:13     | Identified the +0 helmet of Ihuuroiv {-Tele Regen+ Str+8
                  | Int-5}
 69151 | D:3      | Bought a scroll of acquirement for 520 gold pieces
 69151 | D:3      | Bought a scroll of enchant weapon for 75 gold pieces
 69154 | D:3      | Acquired the +8 longbow "Zephyr" {speed, Dex+3 SInv}
 69154 | D:3      | Found the +8 longbow "Zephyr" {speed, Dex+3 SInv}
 69551 | Vaults:5 | Entered Level 5 of the Vaults
 69683 | Vaults:5 | Noticed a dread lich
 69697 | Vaults:5 | Killed a dread lich
 70052 | Vaults:5 | Reached skill level 22 in Ranged Weapons
 70198 | Vaults:5 | Reached XP level 25. HP: 168/168 MP: 35/35
 70656 | Vaults:5 | Noticed a dread lich
 70665 | Vaults:5 | Killed a dread lich
 70715 | Vaults:5 | Identified the +8 great sword of Tiosuy {heavy, rElec rC+}
 70800 | Vaults:5 | Identified the ring "Dusut" {rC+ MP+9 Str+2}
 70812 | Vaults:5 | Identified the +2 robe "Segu Kou" {rPois Str-4 SInv}
 70815 | Vaults:5 | Identified the staff "Ogiuphomuu" {rElec rC- rN++ Air}
 70857 | Vaults:5 | Identified the +1 scale mail "Jogaacif" {rPois Int-3 Slay+5
                  | Stlth+} (Okawaru gifted it to you on level 5 of the Vaults)
 70857 | Vaults:5 | Received a gift from Okawaru
 71080 | Vaults:5 | Found the +2 hood of the Assassin {Detect Stab+ Stlth++}
 71288 | Vaults:5 | Found Yriseidu's Distillery.
 71293 | Vaults:5 | Bought a potion of cancellation for 104 gold pieces
 71293 | Vaults:5 | Bought a potion of heal wounds for 65 gold pieces
 71293 | Vaults:5 | Bought a potion of curing for 39 gold pieces
 71293 | Vaults:5 | Bought a potion of heal wounds for 65 gold pieces
 71293 | Vaults:5 | Bought a potion of curing for 39 gold pieces
 71303 | Vaults:5 | Found Quarchuzez's Distillery.
 71307 | Vaults:5 | Bought a potion of curing for 48 gold pieces
 71307 | Vaults:5 | Bought a potion of heal wounds for 80 gold pieces
 71307 | Vaults:5 | Bought a potion of curing for 48 gold pieces
 71307 | Vaults:5 | Bought a potion of heal wounds for 80 gold pieces
 71309 | Vaults:5 | Bought a potion of enlightenment for 80 gold pieces
 71309 | Vaults:5 | Bought a potion of enlightenment for 80 gold pieces
 71323 | Vaults:5 | Found Ubrous's Magic Scroll Shoppe.
 71328 | Vaults:5 | Bought a scroll of fear for 84 gold pieces
 71328 | Vaults:5 | Bought a scroll of fog for 84 gold pieces
 71328 | Vaults:5 | Bought a scroll of blinking for 157 gold pieces
 71328 | Vaults:5 | Bought a scroll of teleportation for 63 gold pieces
 71328 | Vaults:5 | Bought a scroll of teleportation for 63 gold pieces
 71374 | Vaults:5 | Noticed an ancient lich
 71390 | Vaults:5 | Killed an ancient lich
 71442 | Vaults:5 | Got a silver rune of Zot
 71888 | Zot:1    | Entered Level 1 of the Realm of Zot
 72164 | Zot:1    | Identified the +10 flail "Naick" {venom, rC- Dex+4 Stlth+}
 72485 | Zot:1    | Reached skill level 5 in Spellcasting
 72917 | Zot:2    | Noticed an orb of fire
 72924 | Zot:2    | Killed an orb of fire
 72924 | Zot:2    | Received a gift from Okawaru
 72924 | Zot:2    | Found the +1 cloak of Starlight {*Dazzle EV+4 Stlth--}
 72944 | Zot:2    | Noticed an orb of fire
 72946 | Zot:2    | Killed an orb of fire
 73219 | Zot:2    | Reached XP level 26. HP: 179/179 MP: 35/35
 74313 | Zot:3    | Reached skill level 10 in Stealth
 74438 | Zot:3    | Received a gift from Okawaru
 74581 | Zot:3    | Noticed an orb of fire
 74586 | Zot:3    | Gained mutation: You are clumsy. (Dex -2) [an orb of fire]
 74588 | Zot:3    | Killed an orb of fire
 75389 | Zot:4    | Received a gift from Okawaru
 75409 | Zot:4    | Reached skill level 10 in Evocations
 75705 | Zot:4    | Noticed a Killer Klown
 75714 | Zot:4    | Killed a Killer Klown
 75829 | Zot:4    | Identified the +6 shortbow "Spiderslayer" {heavy, *Corrode
                  | Fly rN+} (Okawaru gifted it to you on level 4 of the Realm
                  | of Zot)
 75829 | Zot:4    | Received a gift from Okawaru
 76299 | Zot:4    | Noticed an orb of fire
 76304 | Zot:4    | Gained mutation: You are very clumsy. (Dex -4) [an orb of
                  | fire]
 76305 | Zot:4    | Killed an orb of fire
 76551 | Zot:5    | Entered Level 5 of the Realm of Zot
 76570 | Zot:4    | Reached XP level 27. HP: 184/184 MP: 36/36
 77112 | Zot:5    | Lost mutation: You are strong-willed. (Will+) [potion of
                  | mutation]
 77112 | Zot:5    | Lost mutation: You are very clumsy. (Dex -4) [potion of
                  | mutation]
 77112 | Zot:5    | Gained mutation: Your muscles are strong. (Str +4, Int/Dex
                  | -1) [potion of mutation]
 77112 | Zot:5    | Gained mutation: You are partially covered in large bone
                  | plates. (SH +4) [potion of mutation]
 77112 | Zot:5    | Lost mutation: You expend magic power (3 MP) to strengthen
                  | your wands. [potion of mutation]
 77112 | Zot:5    | Gained mutation: You have an increased reservoir of magic.
                  | (+10% MP) [potion of mutation]
 77188 | Zot:5    | Received a gift from Okawaru
 77216 | Zot:5    | Identified the +8 ring mail "Qiapneis" {rC+}
 77278 | Zot:5    | Noticed a dread lich
 77279 | Zot:5    | Killed a dread lich
 77291 | Zot:5    | Noticed an orb of fire
 77297 | Zot:5    | Killed an orb of fire
 77317 | Zot:5    | Noticed an orb of fire
 77335 | Zot:5    | Killed an orb of fire
 77386 | Zot:5    | Identified the +4 arbalest "Lame" {drain, Str+5 Int+2}
 77400 | Zot:5    | Reached skill level 23 in Ranged Weapons
 77404 | Zot:5    | Received a gift from Okawaru
 77408 | Zot:5    | Noticed an ancient lich
 77409 | Zot:5    | Killed an ancient lich
 77416 | Zot:5    | Noticed a dread lich
 77418 | Zot:5    | Killed a dread lich
 77456 | Zot:5    | Noticed an orb of fire
 77457 | Zot:5    | Killed an orb of fire
 77462 | Zot:5    | Reached skill level 24 in Ranged Weapons
 77471 | Zot:5    | Noticed an ancient lich
 77474 | Zot:5    | Killed an ancient lich
 77484 | Zot:5    | Noticed an ancient lich
 77489 | Zot:5    | Killed an ancient lich
 77784 | Zot:5    | Got the Orb of Zot
 77882 | Zot:4    | Noticed Jikucuo the pandemonium lord
 77886 | Zot:4    | Killed Jikucuo the pandemonium lord
 77986 | Depths:4 | Reached skill level 25 in Ranged Weapons
 77999 | Depths:4 | Noticed Nelolel the pandemonium lord
 78003 | Depths:4 | Received a gift from Okawaru
 78005 | Depths:4 | Killed Nelolel the pandemonium lord
 78010 | Depths:4 | Noticed Liubbyc the pandemonium lord
 78376 | D:$      | Escaped with the Orb!

Illustrated notes

Levels and vault maps discovered:
D:1:      psy_arrival_terrarium, layout_basic, shapermc_ecumenical_altar_pompeii
D:2:      layout_basic, cheibrodos_gnoll_hut
D:3:      layout_basic, serial_shops, nicolae_shop_rolled_up,
          ebering_ghost_sewer_d
D:4:      layout_cave_pools, amcnicky_mini_rare_corridor_liquid
D:5:      layout_rooms, minmay_temple_entry_junction, hellmonk_no_cap
D:6:      layout_gridville, mainiacjoe_overflow_brackets,
          mainiacjoe_overflow_alcove_3
D:7:      layout_layer_cave, nicolae_yredelemnul_corpse_copse, serial_shops,
          shop, minmay_quadrilaterals, uniq_pikel
D:8:      layout_rooms, nicolae_titane
D:9:      layout_cave_pools, hellmonk_lair_entry_icy, dreamdust_gnoll_shepherd,
          uniq_maurice, uniq_psyche
D:10:     layout_loops_ring, gammafunk_ghost_ooze, enter_bailey_2, uniq_erica
D:11:     layout_loops_ring, kennysheep_orc_monster_closet_entryway,
          enter_trove_0, okawaru_trees_1
D:12:     layout_basic, uniq_josephine
D:13:     gammafunk_beogh_shrine, layout_basic, serial_shops,
          nicolae_shop_statue_plus, gammafunk_ghost_stat_death
D:14:     nicolae_fronds_of_death, layout_layer_cave,
          hangedman_vaults_entry_quadrant_bands, uniq_snorg, uniq_nessos
D:15:     gammafunk_depths_entry_grave, layout_cave_pods, nrook_mini_vaults,
          serial_ice, serial_ice_g, serial_ice_b, serial_ice_d, serial_ice_m,
          portal_ice_cave_entry_ugly_swarm
Temple:   nicolae_temple_elliptical
Lair:1:   layout_chaotic_city
Lair:2:   layout_regular_city, nicolae_spider_entry_orb_guardian
Lair:3:   layout_loops_ring, nicolae_shoals_entry_roost, worms_lemuel
Lair:4:   layout_roguey, dpeg_slime_entry_enclosed, grunt_megastairs_4
Lair:5:   hellmonk_lair_end_abyssal_woods, layout_cave_pods, fungi_pond_lemuel,
          nicolae_lair_grove_arrangements
Shoals:1: dreamdust_from_the_deep, layout_shoals, uniq_louise, uniq_jorgrun,
          uniq_kirke
Shoals:2: layout_shoals, serial_nicolae_subway, nicolae_sub_station_metal,
          nicolae_sub_station_stone, nicolae_sub_station_crystal
Shoals:3: nicolae_shoals_lighthouse, layout_shoals, nicolae_shoals_beach_cooler,
          uniq_polyphemus, uniq_ilsuiw
Shoals:4: shoals_end_hangedman, layout_shoals, nicolae_shoals_this_corrosion,
          uniq_aizul
Spider:1: layout_spider_delve, nicolae_spider_some_kinda_spiderbox, uniq_azrael
Spider:2: layout_spider_delve, uniq_asterion
Spider:3: layout_spider_delve
Spider:4: hellmonk_spider_rune_bug_friends, uniq_arachne
Orc:1:    layout_caves, serial_shops, nicolae_book_shop_shelving, shop, shop,
          shop, minmay_shop_enchanted_jewellery, mines2_lemuel
Orc:2:    st_orc_town, layout_caves, mines1_david
Elf:1:    minmay_elf_arrival_summoners, layout_rooms,
          portal_desolation_entry_twin_temple, hangedman_corner_corridor,
          minmay_shop_grove
Elf:2:    elven_hall_of_blades_hangedman_original
          [nicolae_blade_entry_hurt_lockers], layout_geoelf_octagon
Elf:3:    minmay_elf_hall_statues, layout_loops_corners,
          statue_in_the_mist_lemuel
Vaults:1: nicolae_vaults_mitosis, vaults_dpeg_ring, grunt_vaults_trifunnel,
          nicolae_vaults_murder_corner, nicolae_vaults_asterisk, v_misc_11,
          nicolae_vaults_stepped_doors, v_misc_3, hangedman_vaults_impose,
          layout_vaults_omnigrid
Vaults:2: grunt_vaults_hallway_short, nicolae_vaults_ellipses_ellipsis,
          nicolae_vaults_spaceships, st_check, nicolae_vaults_diamond_1,
          nicolae_vaults_closet_pinwheel_6, vaults_room_ringed_pool,
          nicolae_vaults_layer_cake_slice, v_misc_29,
          nicolae_vaults_trapezoid_lopsided_1,
          nicolae_vaults_trapezoid_lopsided_1, nicolae_vaults_prndl,
          ontoclasm_vaults_eye, layout_vaults_chaotic_city, serial_shops, shop,
          uniq_margery
Vaults:3: gammafunk_ghost_tricky_traps, nicolae_vaults_big_angled_halls,
          v_misc_10, nicolae_vaults_you_can_take_it_with_you,
          nicolae_vaults_cornered_office, nicolae_vaults_network_s,
          v_alt_pattern_4, nicolae_vaults_door_testing_chamber,
          minmay_crypt_entry_simple_sparse, nicolae_vaults_diamond_2,
          v_pattern_4, nicolae_vaults_rhombus_6, vaults_room_pools,
          vaults_room_fours, layout_vaults_big_cross
Vaults:4: v_misc_9, v_misc_32, v_misc_27, nicolae_vaults_steering_wheel,
          nicolae_vaults_little_squares_2, v_misc_18,
          nicolae_vaults_disjoint_gnomons, nicolae_vaults_trapezoid_layered,
          nicolae_vaults_diagonal_hallway_8, nicolae_vaults_tetromino_L_1,
          nicolae_vaults_quartermaster, v_alt_pattern_1,
          nicolae_vaults_diamond_1, layout_vaults_maze
Vaults:5
Depths:1: layout_cross, enter_ziggurat_d, serial_shops,
          nicolae_shop_rolling_square, rand_demon_pan_entry_5,
          pf_hell_entry_great_geh, nicolae_figureground_sparkle,
          nicolae_twisting_strands, nicolae_wooded_promenade
Depths:2: minmay_the_grid_triangle_9x9_recursive_2_mashed
          [minmay_the_grid_triangle_9x9_prize_schism,
          minmay_the_grid_triangle_9x9_swiss_cheese,
          minmay_the_grid_triangle_9x9_skeleton,
          minmay_the_grid_triangle_9x9_wacky_v], layout_basic, abyss_entry,
          fedhas_altar_1, pan_entry, hell_entry
Depths:3: four-leaf_vault, layout_cave_pools, grunt_metal_band,
          nicolae_abyss_entry_one_way_or_another, grunt_ministairs_6,
          nicolae_ashenzari_panopticon
Depths:4: evilmike_zot_entry_diamond, layout_honeycomb, serial_shops,
          shop_statue, minmay_misc_feat_rugged, grunt_hell_entry_dis_grunt,
          tso_metal_star
Zot:1:    kennysheep_bubbly, layout_twisted_circle, uniq_josephina
Zot:2:    kennysheep_six_static_rooms, layout_gridlike, st_stairs_9
Zot:3:    layout_onion_interference, grunt_megastairs_2
Zot:4:    lemuel_firehouse, layout_onion, hangedman_zot_gyre
Zot:5:    layout_gridlike, grunt_megastairs_5

Skill      XL: |  1  2  3  4  5  6  7  8  9 10 11 12 13 14 15 16 17 18 19 20 21 22 23 24 25 26 27 |
---------------+----------------------------------------------------------------------------------+-----
Air Magic      | 5 6 7 8 9 |  9.0
Conjurations   | 2 3 4 |  4.0
Spellcasting   | 3 4 5 6 |  6.0
Ranged Weapons | 1 2 3 6 8 10 12 14 15 16 18 19 20 22 25 | 25.2
Fighting       | 1 2 3 4 5 7 8 9 10 11 12 13 14 16 17 18 20 22 | 22.0
Dodging        | 3 5 6 8 9 11 13 14 16 17 18 19 20 21 22 | 22.0
Invocations    | 1 3 5 6 7 8 9 10 12 13 14 15 17 18 | 18.0
Armour         | 2 6 13 14 16 17 18 19 20 22 | 22.0
Evocations     | 2 3 4 6 7 10 | 10.0
Poison Magic   | 1 |  1.0
Stealth        | 5 7 8 13 14 | 14.0

Action                     |  1- 3 |  4- 6 |  7- 9 | 10-12 | 13-15 | 16-18 | 19-21 | 22-24 | 25-27 || total
---------------------------+-------+-------+-------+-------+-------+-------+-------+-------+-------++-------
  Melee: Dagger            |     6 |     1 |       |       |       |       |       |       |       ||     7
         Peck              |     1 |       |       |       |       |       |       |       |     2 ||     3
         Kick              |     1 |       |       |       |       |       |       |       |     1 ||     2
         Triple crossbow   |       |       |       |       |       |       |       |       |     2 ||     2
   Fire: Sling             |       |    18 |    19 |       |       |       |       |       |       ||    37
         Orcbow            |       |       |    92 |   518 |       |       |       |       |       ||   610
         Arbalest          |       |       |       |    38 |   744 |   940 |  1313 |   622 |    39 ||  3696
         Hand crossbow     |       |       |       |       |    11 |       |       |       |       ||    11
         Longbow           |       |       |       |       |       |       |       |   972 |   533 ||  1505
         Heavy crossbow    |       |       |       |       |       |       |       |    28 |   229 ||   257
         Triple crossbow   |       |       |       |       |       |       |       |       |   487 ||   487
   Cast: Shock             |    64 |    56 |    29 |     3 |       |       |       |       |       ||   152
         Static Discharge  |     7 |     5 |    25 |    53 |     6 |       |       |       |       ||    96
         Airstrike         |       |    10 |    51 |   104 |    78 |    12 |       |    21 |     1 ||   277
         Mephitic Cloud    |       |       |       |     2 |    59 |    19 |    30 |    15 |     1 ||   126
         Swiftness         |       |       |       |       |     1 |     1 |     1 |       |       ||     3
 Invoke: Heroism           |       |       |       |     5 |     9 |    17 |    29 |    10 |    11 ||    81
         Finesse           |       |       |       |     1 |     2 |     4 |     7 |     3 |     5 ||    22
  Evoke: Wand              |       |     1 |     1 |    13 |     8 |     7 |     6 |     6 |       ||    42
         Lightning rod     |       |       |       |       |       |       |       |       |     4 ||     4
    Use: Scroll            |       |     9 |     3 |     8 |    16 |    20 |    25 |    21 |    16 ||   118
         Potion            |       |     5 |       |     3 |     3 |     7 |    13 |     6 |     9 ||    46
 Armour: Robe              |       |     1 |     8 |    10 |    25 |     5 |       |       |       ||    49
         Troll leather arm |       |       |       |    16 |    10 |       |       |       |       ||    26
         Scale mail        |       |       |       |       |       |   131 |   261 |       |       ||   392
         Leather armour    |       |       |       |       |       |     5 |       |       |       ||     5
         Fire dragon scale |       |       |       |       |       |       |    22 |   155 |   216 ||   393
  Dodge: Dodged            |    11 |    10 |    76 |   287 |   465 |   876 |  1643 |  1134 |  1098 ||  5600
         Repelled          |       |       |       |       |       |       |       |    16 |    24 ||    40
  Block: Other             |       |       |       |       |       |       |       |       |     8 ||     8

Table legend: (Time is in decaauts)
 A = Elapsed time spent in this place.
 B = Non-inter-level travel time spent in this place.
 C = Inter-level travel time spent in this place.
 D = Time resting spent in this place.
 E = Time spent auto-exploring this place.
 F = Levels seen in this place.
 G = Mean time per level.
                   A        B        C        D        E       F      G
               +--------+--------+--------+--------+--------+-----+--------+
         Total |  76145 |  69108 |   7037 |  13079 |  37170 |  52 | 1464.3 |
       Dungeon |  21948 |  18374 |   3574 |   2952 |  11809 |  15 | 1463.2 |
        Temple |     98 |     77 |     21 |      0 |      0 |   1 |   98.0 |
          Lair |   7280 |   6603 |    677 |    710 |   3547 |   5 | 1456.0 |
        Shoals |   6290 |   6061 |    229 |   1088 |   3256 |   4 | 1572.5 |
   Spider Nest |   4498 |   4200 |    298 |    732 |   2493 |   4 | 1124.5 |
  Orcish Mines |   2678 |   2307 |    371 |    386 |    997 |   2 | 1339.0 |
   Elven Halls |   3618 |   3325 |    293 |    255 |   2132 |   3 | 1206.0 |
        Vaults |  10545 |   9844 |    701 |   1619 |   5239 |   5 | 2109.0 |
        Depths |   6213 |   5647 |    566 |    382 |   3452 |   4 | 1553.2 |
           Zot |   5783 |   5480 |    303 |    269 |   3555 |   5 | 1156.6 |
         Trove |     52 |     52 |      0 |      0 |      0 |   1 |   52.0 |
        Bailey |    629 |    629 |      0 |    130 |    212 |   1 |  629.0 |
      Ice Cave |   1110 |   1110 |      0 |    124 |    472 |   1 | 1110.0 |
    Desolation |   5396 |   5396 |      0 |   4427 |      0 |   1 | 5396.0 |
               +--------+--------+--------+--------+--------+-----+--------+

Top non-repeatable levels by time:
Desolation: 5396 daAuts
     D:7: 3106 daAuts
    D:14: 2946 daAuts
Shoals:3: 2640 daAuts
Vaults:3: 2574 daAuts
Vaults:2: 2472 daAuts
Vaults:1: 2254 daAuts
  Lair:5: 2122 daAuts
    D:11: 1984 daAuts
Depths:4: 1928 daAuts
Vaults:5: 1826 daAuts
Depths:2: 1663 daAuts
  Lair:2: 1637 daAuts
Spider:1: 1586 daAuts
  Lair:1: 1583 daAuts
